 Dungeon Crawl Stone Soup version 0.27-a0-1281-ge233d83751 (console) character file.

Game seed: 18402539141570384133

94 Hector the Chopper (level 4, -3/40 HPs)
             Began as a Hill Orc Abyssal Knight on June 14, 2021.
             Was a Believer of Lugonu.
             Slain by a scorpion (5 damage)
             ... on level 3 of the Dungeon.
             The game lasted 00:05:25 (3614 turns).

Hector the Chopper (Hill Orc Abyssal Knight)        Turns: 3614, Time: 00:05:26

Health: -3/40      AC:  4    Str: 15    XL:     4   Next: 63%
Magic:  6/6        EV: 11    Int: 12    God:    Lugonu [**....]
Gold:   81         SH:  0    Dex: 10    Spells: 3/3 levels left

rFire    . . .     SeeInvis .   a - +1 hand axe
rCold    . . .     Faith    .   (no shield)
rNeg     . . .     Spirit   .   b - +0 leather armour
rPois    .         Reflect  .   (no helmet)
rElec    .         Harm     .   e - +0 cloak
rCorr    .         Rampage  .   (no gloves)
Will     .....                  (no boots)
Stlth    +.........             (no amulet)
HPRegen  0.13/turn              (no ring)
MPRegen  0.10/turn              (no ring)

@: lethally poisoned (-3 -> -5)
A: no striking features
a: Renounce Religion, Depart the Abyss, Bend Space


You were on level 3 of the Dungeon.
You worshipped Lugonu.
Lugonu was pleased with you.
You visited 1 branch of the dungeon, and saw 4 of its levels.
You visited the Abyss 1 time.

You collected 81 gold pieces.

Inventory:

Hand Weapons
 a - a +1 hand axe (weapon)
 j - a +0 whip
 k - a +0 spear
 m - a +0 hunting sling
Missiles
 d - 18 boomerangs
 f - 64 stones
 i - 8 curare-tipped darts
 l - 16 poisoned darts
Armour
 b - a +0 leather armour (worn)
 e - a +0 cloak (worn)
Scrolls
 c - 2 scrolls of identify {unknown}
 g - 3 scrolls of teleportation {unknown}
 h - a scroll of noise {unknown}
 n - a scroll of magic mapping {unknown}
Potions
 o - a potion of might {unknown}


   Skills:
 + Level 3.9 Fighting
 * Level 5.7 Axes
 + Level 2.4 Armour
 + Level 0.9 Dodging
 * Level 2.7 Invocations


You had 3 spell levels left.
You didn't know any spells.
Your spell library contained the following spells:

 Spells                   Type           Power      Damage    Failure   Level
 Animate Skeleton         Necr           0%         N/A       38%         1
 Apportation              Tloc           0%         N/A       38%         1
 Corona                   Hex            0%         N/A       38%         1
 Summon Small Mammal      Summ           0%         N/A       38%         1


Dungeon Overview and Level Annotations

Branches:
Dungeon (4/15)
 Temple: D:4-7

Altars:


Message History

You see here a +0 club.
There is a stone staircase leading down here.
You climb downwards.
There is a stone staircase leading up here.
You climb upwards.
There is a stone staircase leading down here.
There is a stone staircase leading down here.
You climb downwards.
There is a stone staircase leading up here.
You climb upwards.
There is a stone staircase leading down here.
You climb downwards.
There is a stone staircase leading up here.
A scorpion and an orc come into view.
The orc shouts!
Found a stone staircase leading down.
There is a stone staircase leading up here.
The scorpion stings you.
You climb upwards.
There is a stone staircase leading down here.
You closely miss the scorpion. The scorpion stings you!
You are poisoned.
The scorpion poisons you!
You hit the scorpion but do no damage.
You feel sick. The scorpion stings you! The scorpion closely misses you.
You barely miss the scorpion.
You feel sick. The scorpion barely misses you.
You hit the scorpion.
The scorpion is moderately wounded.
You feel sick. The scorpion stings you.
You barely miss the scorpion.
The scorpion is moderately wounded.
You feel sick. The scorpion stings you!
* * * LOW HITPOINT WARNING * * *
You completely miss the scorpion.
The scorpion is moderately wounded.
* * * LOW HITPOINT WARNING * * *
You feel sick. The scorpion stings you.
* * * LOW HITPOINT WARNING * * *
The scorpion stings you.
You die...

.##...# ###...#
......########
.............#
.............#
.............#
.............#
.............#####
...............s@#
....####.##########
.........# #.....#
.........####.....#
...............#..#
........######.#..#
........##.......##
........##.###.#.####
........##.# #.#....#


You could see a scorpion.

Vanquished Creatures
  2 adders
  2 worms (D:2)
  6 orcs (D:3)
  4 ball pythons
  5 endoplasms
  A giant cockroach (D:3)
  5 goblins
  2 hobgoblins (D:1)
  11 jackals (D:1)
  6 kobolds
  2 quokkas (D:2)
  5 bats
  3 frilled lizards
  2 rats (D:1)
56 creatures vanquished.

Notes
Turn   | Place    | Note
-------+----------+-------------------------------------------
     0 | Abyss:1  | Hector the Hill Orc Abyssal Knight began the quest for the
                  | Orb.
     0 | Abyss:1  | Reached XP level 1. HP: 19/19 MP: 2/2
     1 | Abyss:1  | Found a corrupted altar of Lugonu.
    14 | D:1      | Escaped the Abyss
   107 | D:1      | Reached skill level 3 in Axes
   235 | D:1      | Reached XP level 2. HP: 23/26 MP: 3/3
   407 | D:1      | Reached skill level 4 in Axes
   606 | D:1      | Reached XP level 3. HP: 28/31 MP: 4/4
   656 | D:1      | Found a faded altar of an unknown god.
   738 | D:1      | Reached ** piety under Lugonu
  1457 | D:2      | Reached skill level 5 in Axes
  2080 | D:2      | Reached XP level 4. HP: 28/40 MP: 5/5
  3605 | D:4      | Noticed a scorpion
  3614 | D:3      | HP: 2/40 [scorpion (1)]
  3614 | D:3      | Slain by a scorpion

Illustrated notes

Levels and vault maps discovered:
D:1:      heliophobic_arrival_battle_scene, layout_loops_ring,
          shapermc_ecumenical_altar_totnotflames, minmay_unequal
D:2:      layout_loops_ring, minmay_pentomino_u4
D:3:      layout_basic
D:4:      layout_loops_cross, serial_shops, nicolae_shop_trees,
          nicolae_shop_stone

Skill      XL: |  1  2  3 |
---------------+----------+-----
Axes           | 3 4 5 |  5.7
Fighting       | |  3.9
Armour         | |  2.4
Dodging        | |  0.9
Invocations    | |  2.7

Action                   |  1- 3 |  4- 6 || total
-------------------------+-------+-------++-------
Melee: Hand axe          |   126 |    81 ||   207
 Stab: Sleeping          |     1 |       ||     1
Armor: Leather armour    |    52 |    25 ||    77
Dodge: Dodged            |    73 |    35 ||   108

Table legend: (Time is in decaauts)
 A = Elapsed time spent in this place.
 B = Non-inter-level travel time spent in this place.
 C = Inter-level travel time spent in this place.
 D = Time resting spent in this place.
 E = Time spent auto-exploring this place.
 F = Levels seen in this place.
 G = Mean time per level.
                   A        B        C        D        E       F      G
               +--------+--------+--------+--------+--------+-----+--------+
         Total |   3631 |   3323 |    308 |    149 |   2700 |   5 |  726.2 |
       Dungeon |   3617 |   3309 |    308 |    149 |   2689 |   4 |  904.2 |
         Abyss |     14 |     14 |      0 |      0 |     11 |   1 |   14.0 |
               +--------+--------+--------+--------+--------+-----+--------+

Top non-repeatable levels by time:
     D:1: 1373 daAuts
     D:3: 1226 daAuts
     D:2: 1005 daAuts
 Abyss:1: 14 daAuts
     D:4: 12 daAuts
